 Dungeon Crawl Stone Soup version 0.27-a0-972-gd1521fd518 (webtiles) character file.

Game seed: 7616403543471574968

30 Glokmah the Charlatan (level 3, -1/26 HPs)
             Began as a Demonspawn Artificer on Apr 14, 2021.
             Killed by Freeze
             ... generated by an endoplasm
              (4 damage)
             ... on level 2 of the Dungeon.
             The game lasted 00:02:17 (1378 turns).

Glokmah the Charlatan (Demonspawn Artificer)        Turns: 1378, Time: 00:02:19

Health: -1/26      AC:  6    Str: 13    XL:     3   Next: 3%
Magic:  3/3        EV: 11    Int: 12    God:
Gold:   13         SH:  0    Dex: 13    Spells: 2/2 levels left

rFire    . . .     SeeInvis .   a - +0 hand axe
rCold    . . .     Faith    .   (no shield)
rNeg     . . .     Spirit   .   g - +3 leather armour
rPois    .         Reflect  .   (helmet restricted)
rElec    .         Harm     .   (no cloak)
rCorr    .         Rampage  .   (no gloves)
Will     .....                  (no boots)
Stlth    +.........             (no amulet)
HPRegen  0.08/turn              (no ring)
MPRegen  0.08/turn              (no ring)

@: no status effects
A: antennae 1
a: no special abilities


You were on level 2 of the Dungeon.
You visited 1 branch of the dungeon, and saw 2 of its levels.

You collected 13 gold pieces.

Inventory:

Hand Weapons
 a - a +0 hand axe (weapon)
Missiles
 h - 9 stones
Armour
 g - a +3 leather armour (worn)
Wands
 c - a wand of flame (8) (quivered)
 d - a wand of charming (15)
Scrolls
 b - a scroll of identify {unknown}
Potions
 f - a potion of lignification {unknown}
Miscellaneous
 e - a piece from Xom's chessboard (12/15)


   Skills:
 + Level 1.5 Fighting
 + Level 2.1 Armour
 + Level 1.3 Dodging
 - Level 0.8 Stealth
 * Level 3.5 Evocations


You had 2 spell levels left.
You didn't know any spells.
Your spell library was empty.

Dungeon Overview and Level Annotations

Branches:
Dungeon (2/15)

Altars:

Shops:
D:2 *


Innate Abilities, Weirdness & Mutations

You have a pair of small antennae on your head.


Message History

The worm is severely wounded.
Aiming: Throw Flame
Press: ? - help, Shift-Dir - straight line, f/p - worm
Aim: a worm (heavily wounded, 10% to evade)
The puff of flame hits the worm.
The worm is severely wounded.
Aiming: Throw Flame
Press: ? - help, Shift-Dir - straight line, f/p - worm
Aim: a worm (heavily wounded, 10% to evade)
The puff of flame hits the worm.
The worm is almost dead.
Aiming: Throw Flame
Press: ? - help, Shift-Dir - straight line, f/p - worm
Aim: a worm (almost dead, 10% to evade)
The puff of flame hits the worm!
You kill the worm!
Your piece from Xom's chessboard (12/15) has regained one charge.
You have reached level 3!
Your experience leads to an increase in your attributes!
Increase (S)trength, (I)ntelligence, or (D)exterity?
You feel stronger.
You start resting.
An endoplasm comes into view.
An endoplasm is nearby!
You see here a worm corpse.
The endoplasm quivers.
There is an open door here.
You hit the endoplasm but do no damage.
The endoplasm hits you but does no damage.
You hit the endoplasm.
The endoplasm is severely wounded.
The endoplasm freezes you.
You are frozen.
* * * LOW HITPOINT WARNING * * *
You hit the endoplasm.
The endoplasm is almost dead.
The endoplasm hits you but does no damage.
The endoplasm freezes you.
You are frozen.
You die...

.....# #...!.....
#+#..#.####+#.........
#####.#..#................
.........+.........>......
#<.#................
#.##.##.#..............l.
#.........#####'#########
#....###)## #.# ##
#.........# #@##≈♣#
#######.#.#####J.≈≈≈###
#.#..†......≈≈≈..
#.##.......≈≈≈≈..
#........†..≈....
###..............
..................
...................
##########.........


You could see an endoplasm.

Vanquished Creatures
  A worm (D:2)
  2 ball pythons (D:1)
  2 endoplasms (D:1)
  A goblin (D:1)
  3 hobgoblins (D:1)
  4 jackals (D:1)
  A quokka (D:1)
  4 bats
  3 kobolds
  2 rats
23 creatures vanquished.

Notes
Turn   | Place    | Note
-------+----------+-------------------------------------------
     0 | D:1      | Glokmah the Demonspawn Artificer began the quest for the
                  | Orb.
     0 | D:1      | Reached XP level 1. HP: 15/15 MP: 1/1
   177 | D:1      | Reached skill level 1 in Dodging
   569 | D:1      | Gained mutation: You have a pair of small antennae on your
                  | head. [demonic ancestry]
   569 | D:1      | Reached XP level 2. HP: 3/21 MP: 2/2
  1316 | D:2      | Found Xamaloxa's General Store.
  1350 | D:2      | Reached XP level 3. HP: 6/26 MP: 3/3
  1378 | D:2      | Killed from afar by an endoplasm

Illustrated notes

Levels and vault maps discovered:
D:1:      wander_arrival_chamber, layout_loops_ring, minmay_pentomino_r4
D:2:      layout_basic, serial_shops, shop, nicolae_shop_waterfront,
          shop_statue, shop, shop, serial_bayou_pond_d, minmay_misc_feat_rugged,
          minmay_box_of_dots

Skill      XL: |  1  2 |
---------------+-------+-----
Dodging        | 1 |  1.3
Armour         | 2 |  2.1
Fighting       | |  1.5
Stealth        | |  0.8
Evocations     | |  3.5

Action                   || total
-------------------------++-------
Melee: Whip              ||    56
       Club              ||     9
       Hand axe          ||    27
Evoke: Wand              ||     7
       Piece from Xom's  ||     4
 Stab: Petrified         ||    10
Armor: Leather armour    ||    34
Dodge: Dodged            ||    59

Table legend: (Time is in decaauts)
 A = Elapsed time spent in this place.
 B = Non-inter-level travel time spent in this place.
 C = Inter-level travel time spent in this place.
 D = Time resting spent in this place.
 E = Time spent auto-exploring this place.
 F = Levels seen in this place.
 G = Mean time per level.
                   A        B        C        D        E       F      G
               +--------+--------+--------+--------+--------+-----+--------+
         Total |   1393 |   1311 |     82 |    511 |    497 |   2 |  696.5 |
       Dungeon |   1393 |   1311 |     82 |    511 |    497 |   2 |  696.5 |
               +--------+--------+--------+--------+--------+-----+--------+

Top non-repeatable levels by time:
     D:1: 1272 daAuts
     D:2: 121 daAuts
